 Dungeon Crawl Stone Soup version 0.31-a0-237-g2d982f9f85 (webtiles) character file.

Game seed: 14588215636362691495

601 qw the Shooter (level 7, -2/59 HPs)
             Began as a Minotaur Hexslinger on July 10, 2023.
             Slain by a gnoll bouda
             ... wielding a +0 whip
              (7 damage)
             ... on level 5 of the Dungeon.
             The game lasted 00:01:09 (3006 turns).

qw the Shooter (Minotaur Hexslinger)                Turns: 3006, Time: 00:01:10

Health: -2/59      AC:  8    Str: 12    XL:     7   Next: 18%
Magic:  7/7        EV: 11    Int: 10    God:
Gold:   189        SH:  0    Dex: 15    Spells: 7/8 levels left

rFire   . . .        b - +1 sling (heavy)
rCold   + . .        (no shield)
rNeg    . . .        h - +0 ring mail
rPois   .            f - +1 hat
rElec   .            e - +0 cloak
rCorr   .            l - +0 pair of gloves
SInv    .            (no boots)
Will    .....        (no amulet)
Stlth   +            j - ring of protection from cold
HPRegen 0.29/turn    (no ring)
MPRegen 0.10/turn

%: no passive effects
@: weakened
A: horns 2, retaliatory headbutt
a: no special abilities


You were on level 5 of the Dungeon.
You visited 1 branch of the dungeon, and saw 5 of its levels.

You collected 189 gold pieces.


Innate Abilities, Weirdness & Mutations

You have a pair of horns on your head.
You reflexively headbutt those who attack you in melee.


   Skills:
 - Level 4.0 Fighting
 + Level 7.5 Ranged Weapons
 - Level 2.3 Armour
 - Level 2.1 Dodging
 - Level 1.0 Spellcasting
 - Level 2.0 Hexes


You had 7 spell levels left.
You knew the following spells:

 Your Spells              Type           Power      Damage    Failure   Level
a - Slow                  Hex            16%        N/A       32%         1

Your spell library contained the following spells:

 Spells                   Type           Power      Damage    Failure   Level
 Inner Flame              Hex/Fire       2%         N/A       83%         3
 Portal Projectile        Hex/Tloc       4%         N/A       83%         3
 Cause Fear               Hex            2%         N/A       97%         4

Inventory:

Hand Weapons
 b - a +1 heavy sling (weapon)
Armour
 e - a +0 cloak (worn)
 f - a +1 hat (worn)
 h - a +0 ring mail (worn)
 l - a +0 pair of gloves (worn)
Jewellery
 j - a ring of protection from cold (left hand)
Scrolls
 i - a scroll of identify
Potions
 a - a potion of mutation
 c - a potion of attraction {unknown}
 d - a potion of enlightenment
 g - a potion of might {unknown}
 n - a potion of heal wounds {unknown}
 o - a potion of invisibility {unknown}
 p - a potion of curing {unknown}

Dungeon Overview and Level Annotations

Branches:
Dungeon (5/15)
 Temple: D:4-7

Altars:
Wu Jian
Zin


Message History

You shoot a sling bullet.
The sling bullet barely misses the iguana.
Your attacks no longer feel as feeble.
The gnoll bouda hits you but does no damage.
The iguana bites you but does no damage.
The gnoll completely misses you.
You shoot a sling bullet. The sling bullet hits the iguana!
You kill the iguana!
The gnoll bouda hits you with a +0 whip.
The gnoll hits you but does no damage. The gnoll bouda misses you.
You furiously retaliate!
You headbutt the gnoll bouda! The gnoll barely misses you.
Your Armour skill increases to level 2!
You shoot a sling bullet.
The sling bullet closely misses the gnoll bouda.
The sling bullet hits the gnoll!
The gnoll is severely wounded.
You hear a shout!
The gnoll bouda hits you with a +0 whip!
The gnoll hits you from afar with a +0 spear.
The gnoll bouda gazes fiercely through you!
You feel your attacks grow feeble. The gnoll bouda misses you.
You hear a shout!
You shoot a sling bullet. The sling bullet hits the gnoll bouda.
The gnoll bouda is heavily wounded.
The gnoll is no longer moving quickly.
The gnoll closely misses you.
A hound comes into view.
The gnoll bouda gazes fiercely through you!
You feel as though you will be weak longer.
The gnoll bouda hits you but does no damage.
The gnoll hits you from afar with a +0 spear.
You shoot a sling bullet.
The sling bullet barely misses the gnoll bouda.
The hound barks!
The sling bullet hits the gnoll!
You kill the gnoll!
The gnoll bouda hits you with a +0 whip.
The gnoll bouda hits you with a +0 whip!
You die...

#.###.........#
#....#.####.#.#
#..##.##
#..#### #..#
#..########
#..........
#...#######
#...@gg.g#
##..####.h..
#... # ##.#.
#..# ###


You could see a gnoll bouda, a hound and 2 gnolls.

Vanquished Creatures
  An ogre (D:3)
  A scorpion (D:4)
  2 howler monkeys (D:4)
  A hound (D:4)
  A jelly (D:5)
  3 iguanas
  4 orc wizards (D:4)
  6 adders
  A gnoll (D:5)
  2 worms (D:2)
  2 dart slugs (D:3)
  8 orcs (D:4)
  7 endoplasms
  4 giant cockroaches
  14 goblins
  5 hobgoblins
  3 quokkas (D:3)
  13 ball pythons
  4 bats
  A frilled lizard (D:3)
  4 kobolds
  3 rats
90 creatures vanquished.

Notes
Turn   | Place    | Note
-------+----------+-------------------------------------------
     0 | D:1      | qw the Minotaur Hexslinger began the quest for the Orb.
     0 | D:1      | Reached XP level 1. HP: 16/16 MP: 1/1
     0 | D:1      | 0 ||| qw: Version: 0.3-a-52-g30416fa
     0 | D:1      | 0 ||| qw: Game counter: 5207
     0 | D:1      | 0 ||| qw: Melee chars always use a shield: true
     0 | D:1      | 0 ||| qw: God list: Okawaru
     0 | D:1      | 0 ||| qw: Allow faded altars: false
     0 | D:1      | 0 ||| qw: Do Orc after clearing Dungeon:15 true
     0 | D:1      | 0 ||| qw: Do second Lair branch before Depths: true
     0 | D:1      | 0 ||| qw: Lair rune preference: random
     0 | D:1      | 0 ||| qw: Goals: Normal
     0 | D:1      | 0 ||| PLANNING D:1-11
   112 | D:1      | Reached skill level 3 in Ranged Weapons
   112 | D:1      | Reached XP level 2. HP: 16/23 MP: 2/2
   112 | D:1      | 112 ||| FLEEEEING.
   113 | D:1      | 113 ||| FLEEEEING.
   114 | D:1      | 114 ||| FLEEEEING.
   115 | D:1      | 115 ||| FLEEEEING.
   116 | D:1      | 116 ||| FLEEEEING.
   117 | D:1      | 117 ||| FLEEEEING.
   118 | D:1      | 118 ||| FLEEEEING.
   119 | D:1      | 119 ||| FLEEEEING.
   120 | D:1      | 120 ||| FLEEEEING.
   121 | D:1      | 121 ||| FLEEEEING.
   122 | D:1      | 122 ||| FLEEEEING.
   123 | D:1      | 123 ||| FLEEEEING.
   124 | D:1      | 124 ||| FLEEEEING.
   125 | D:1      | 125 ||| FLEEEEING.
   126 | D:1      | 126 ||| FLEEEEING.
   127 | D:1      | 127 ||| FLEEEEING.
   128 | D:1      | 128 ||| FLEEEEING.
   129 | D:1      | 129 ||| FLEEEEING.
   130 | D:1      | 130 ||| FLEEEEING.
   131 | D:1      | 131 ||| FLEEEEING.
   628 | D:1      | 628 ||| UPGRADING to +0 cloak.
   633 | D:1      | 633 ||| UPGRADING to +1 hat.
   638 | D:1      | 638 ||| UPGRADING to +0 ring mail.
   648 | D:1      | 648 ||| DROPPING +0 robe.
   649 | D:1      | 649 ||| READING scroll labelled RYBIAH EDDEYSCH.
   654 | D:1      | 654 ||| READING scroll labelled OROHIN LYASEO.
   698 | D:1      | 698 ||| DROPPING scroll of poison.
   740 | D:2      | 740 ||| STAIRDANCE
   745 | D:1      | Reached XP level 3. HP: 16/29 MP: 3/3
   870 | D:2      | Reached skill level 4 in Ranged Weapons
  1010 | D:2      | Reached skill level 1 in Armour
  1205 | D:2      | 1205 ||| UPGRADING to ring of protection from cold.
  1206 | D:2      | 1206 ||| READING scroll labelled XEOMPI MOEDDE.
  1207 | D:2      | 1207 ||| READING 2 scrolls labelled VAQIYMN JUOXELAA.
  1208 | D:2      | 1208 ||| READING scroll labelled NOEHOOFFUA.
  1209 | D:2      | 1209 ||| DRINKING 2 fizzy white potions.
  1330 | D:3      | Reached XP level 4. HP: 36/36 MP: 4/4
  1365 | D:3      | Found an ornate altar of the Wu Jian Council.
  1574 | D:3      | Noticed an ogre
  1582 | D:3      | Reached skill level 5 in Ranged Weapons
  1582 | D:3      | HP: 7/36 [ogre/+0 giant club (28)]
  1583 | D:3      | 1583 ||| READING scroll of teleportation.
  1586 | D:3      | Killed an ogre
  1587 | D:3      | Reached skill level 3 in Fighting
  1587 | D:3      | Reached XP level 5. HP: 12/46 MP: 5/5
  1761 | D:3      | 1761 ||| READING scroll labelled UFOUDIE XUGE.
  1864 | D:4      | Reached skill level 6 in Ranged Weapons
  1864 | D:4      | Reached XP level 6. HP: 52/52 MP: 6/6
  2171 | D:4      | Reached skill level 7 in Ranged Weapons
  2534 | D:4      | Found a glowing silver altar of Zin.
  2534 | D:4      | Noticed an angel
  2648 | D:4      | Reached XP level 7. HP: 59/59 MP: 7/7
  2792 | D:4      | 2792 ||| UPGRADING to +0 pair of gloves.
  2797 | D:4      | 2797 ||| READING scroll labelled TOAHYI SOEMYETIET.
  2798 | D:4      | 2798 ||| READING scroll labelled WABIDI QEGONE.
  2799 | D:4      | 2799 ||| READING 2 scrolls of identify.
  2799 | D:4      | 2799 ||| IDENTIFYING grey potion
  2855 | D:5      | Entered Level 5 of the Dungeon
  3004 | D:5      | HP: 12/59 [gnoll/+0 spear[a gnoll bouda] (6)]
  3006 | D:5      | HP: 5/59 [gnoll bouda/+0 whip (5)]
  3006 | D:5      | Slain by a gnoll bouda

Levels and vault maps discovered:
D:1:      dpeg_arrival_prison, layout_basic
D:2:      layout_rooms, corner_web_ring
D:3:      layout_basic, marbit_many_paths, minmay_ogre_servants
D:4:      layout_basic, zin_angel
D:5:      layout_loops_ring, minmay_temple_entry_fiery,
          minmay_fractal_squares_gapless_5

Skill      XL: |  1  2  3  4  5  6  7 |
---------------+----------------------+-----
Ranged Weapons | 3 4 5 6 7 |  7.5
Fighting       | 2 3 4 |  4.0
Armour         | 1 2 |  2.3
Dodging        | |  2.1
Spellcasting   | |  1.0
Hexes          | |  2.0

Action                     |  1- 3 |  4- 6 |  7- 9 || total
---------------------------+-------+-------+-------++-------
   Fire: Sling             |   114 |   111 |    16 ||   241
    Use: Scroll            |     5 |     2 |     3 ||    10
         Potion            |     1 |       |       ||     1
 Armour: Robe              |     5 |       |       ||     5
         Ring mail         |    16 |    34 |     5 ||    55
  Dodge: Dodged            |    25 |    47 |    12 ||    84

Table legend:
 A = Non-vault XP
 B = Vault XP
 C = Vault XP percentage of total XP
 D = Non-vault monster count
 E = Vault monster count
 F = Vault count percentage of total count
                 A         B        C        D         E       F
            +---------+---------+-------+---------+---------+-------
      Total |     743 |     130 |  14.9 |      77 |      13 |  14.4
            +---------+---------+-------+---------+---------+-------
        D:1 |      45 |       5 |  10.0 |      19 |       3 |  13.6
        D:2 |      40 |       0 |   0.0 |      13 |       0 |   0.0
        D:3 |      54 |     125 |  69.8 |      16 |      10 |  38.5
        D:4 |     511 |       0 |   0.0 |      26 |       0 |   0.0
        D:5 |      93 |       0 |   0.0 |       3 |       0 |   0.0
            +---------+---------+-------+---------+---------+-------
